 Zot Defence DCSS version 0.15.2 (webtiles) character file.

323 rednecknazgul the Ruffian (level 6, 0/59 HPs)
             Began as a Troll Monk on Nov 17, 2018.
             Was a Believer of Yredelemnul.
             Slain by Ivuav the killer bee (8 damage)
             ... in the Realm of Zot (Scenario IV: Columnade).
             The game lasted 00:04:07 (870 turns).

rednecknazgul the Ruffian (Troll Monk)               Turns: 870, Time: 00:04:07

HP   0/59        AC  5     Str 22      XL: 6   Next: 23%
MP   3/3         EV 10     Int  6      God: Yredelemnul [**....]
Gold 0           SH  0     Dex 12      Spells:  0 memorised,  5 levels left

rFire  . . .     SeeInvis .       - Unarmed
rCold  . . .     Clarity  .     a - +0 robe
rNeg   . . .     rCorr    .     (shield restricted)
rPois  .         rRot     .     (helmet restricted)
rElec  .         Spirit   .     (no cloak)
SustAb .         Warding  .     (gloves unavailable)
rMut   .         Stasis   .     (boots unavailable)
Gourm  +                        (no amulet)
MR     .....                    (no ring)
                                (no ring)

@: very slightly contaminated, hasted, very quick, not resistant to hostile
enchantments, very unstealthy
A: unfitting armour, claws 3, fast metabolism 3, gourmand, regeneration 2,
saprovore 2, shaggy fur 1, tough skin 2
a: Make oklob sapling, Make arrow trap, Make plant, Remove Curse, Make burning
bush, Make altar, Make grenades, Animate Remains, Recall Undead Slaves, Injury
Mirror, Renounce Religion


You were in the Realm of Zot.
You worshipped Yredelemnul.
Yredelemnul was pleased with you.
You were not hungry.

You visited 1 branch

Inventory:

Armour
 a - a +0 robe (worn)
Comestibles
 c - 2 meat rations
Scrolls
 h - 2 scrolls of blinking
Potions
 f - 2 potions of magic


   Skills:
 - Level 2.4 Fighting
 - Level 2.4 Dodging
 - Level 1.1 Stealth
 * Level 7.6 Unarmed Combat


You had 5 spell levels left.
You didn't know any spells.

Dungeon Overview and Level Annotations

Branches:
    Zot (1/1)

Altars:
Yredelemnul


Innate Abilities, Weirdness & Mutations

You are too large for most types of armour.
You have claws for hands.
Your metabolism is lightning-fast.
You like to eat raw meat.
You heal very quickly.
You can eat rotten meat.
You are covered in fur (AC +1).
You have very tough skin (AC +2).


Message History

You are poisoned.
Ivuav poisons you!
Drink which item? (? for menu, Esc to quit)
You feel better. Ivuav barely misses you.
Drink which item? (? for menu, Esc to quit)
Okay, then.
You barely miss Ivuav. Ivuav barely misses you. Ivuav stings you.
* * * LOW HITPOINT WARNING * * *
You scratch Ivuav.
Ivuav is lightly wounded.
Ivuav barely misses you.
You barely miss Ivuav.
Ivuav is lightly wounded.
Ivuav stings you.
* * * LOW HITPOINT WARNING * * *
You barely miss Ivuav.
Ivuav is lightly wounded.
Ivuav stings you!
You die...
Your body rises from the dead as a mindless zombie.

▓▓▓▓▓▓▓▓▓ ▓▓▓▓▓ ▓▓.......▓▓
▓▓▓▓▓ ▓∆∆∆▓ ▓▓(.......(▓▓ ▓∆∆∆▓
▓∆∆∆▓▓ ▓...()%.....▓ ▓▓∆∆∆▓
▓▓▓▓▓▓▓▓▓▓...))@y....▓▓▓▓▓▓▓▓▓▓
▓▓........).%%.........▓▓
▓.....................▓
▓...▓▓▓▓.......▓▓▓▓...▓
▓▓...▓▓▓▓.....▓▓▓▓...▓▓
▓▓...▓▓▓▓...▓▓▓▓...▓▓
▓▓...▓▓▓▓▓▓▓▓▓...▓▓ ▓▓...▓▓
▓▓...▓▓ ▓▓...▓▓ ▓▓...▓▓


You could see Ivuav the killer bee.

Vanquished Creatures
  A worker ant (Zot)
  Terence (Zot)
  A shadow imp (Zot)
  An adder (Zot)
  A worm zombie (Zot)
  A giant mite (Zot)
  2 worms (Zot)
  An orc zombie (Zot)
  2 giant geckos (Zot)
  An ooze (Zot)
  2 bat zombies (Zot)
  A giant cockroach (Zot)
  5 hobgoblins (Zot)
  2 jackals (Zot)
  10 kobolds (Zot)
  3 ball pythons (Zot)
  2 ball python zombies (Zot)
  8 bats (Zot)
  A giant cockroach zombie (Zot)
  A giant newt (Zot)
  A giant newt zombie (Zot)
  19 goblins (Zot)
  3 goblin zombies (Zot)
  3 kobold zombies (Zot)
  6 rats (Zot)
  3 rat zombies (Zot)
82 creatures vanquished.

Notes
Turn   | Place    | Note
--------------------------------------------------------------
     0 | Zot      | rednecknazgul, the Troll Monk, began the quest for the Orb.
     0 | Zot      | Reached XP level 1. HP: 22/22 MP: 1/1
   260 | Zot      | Reached XP level 2. HP: 29/29 MP: 1/1
   348 | Zot      | Reached skill level 5 in Unarmed Combat
   348 | Zot      | Reached XP level 3. HP: 21/36 MP: 2/2
   458 | Zot      | Reached XP level 4. HP: 44/44 MP: 2/2
   509 | Zot      | Reached skill level 6 in Unarmed Combat
   532 | Zot      | Reached XP level 5. HP: 38/50 MP: 2/2
   687 | Zot      | Noticed Terence
   710 | Zot      | Killed Terence
   710 | Zot      | Reached skill level 7 in Unarmed Combat
   796 | Zot      | Reached XP level 6. HP: 59/59 MP: 3/3
   798 | Zot      | Became a worshipper of Yredelemnul the Dark
   798 | Zot      | Acquired Yredelemnul's first power
   798 | Zot      | Acquired Yredelemnul's second power
   870 | Zot      | Slain by Ivuav the killer bee

Action                   |  1- 3 |  4- 6 || total
-------------------------+-------+-------++-------
Melee: Unarmed           |    41 |   140 ||   181
 Abil: Make altar        |       |     1 ||     1
  Use: Potion            |       |     6 ||     6
